 Dungeon Crawl Stone Soup version 0.29-a0-284-gf9362112df (webtiles) character file.

Game seed: 2428509153775825269

64 freelancePsychic the Skirmisher (level 4, 0/48 HPs)
             Began as an Ogre Gladiator on Mar 17, 2022.
             Succumbed to an adder's poison
             ... on level 2 of the Dungeon.
             The game lasted 00:02:33 (1410 turns).

freelancePsychic the Skirmisher (Ogre Gladiator)    Turns: 1410, Time: 00:02:34

Health: 0/48       AC:  3    Str: 20    XL:     4   Next: 12%
Magic:  4/4        EV: 10    Int:  9    God:
Gold:   131        SH:  0    Dex: 10    Spells: 3/3 levels left

rFire   . . .      SeeInvis .   a - +0 flail
rCold   . . .      Faith    .   (no shield)
rNeg    . . .      Spirit   .   b - +0 robe
rPois   .          Reflect  .   c - +0 hat
rElec   .          Harm     .   (no cloak)
rCorr   .          Rampage  .   (gloves unavailable)
Will    .....                   (boots unavailable)
Stlth   +.........              (no amulet)
HPRegen 0.16/turn               (no ring)
MPRegen 0.09/turn               (no ring)

@: lethally poisoned (0 -> -1)
A: large, unfitting armour, tough skin 1
a: no special abilities


You were on level 2 of the Dungeon.
You visited 1 branch of the dungeon, and saw 2 of its levels.

You collected 131 gold pieces.

Inventory:

Hand Weapons
 a - a +0 flail (weapon)
Missiles
 d - 49 stones (quivered)
 e - a large rock
 h - a throwing net
Armour
 b - a +0 robe (worn)
 c - a +0 hat (worn)
Scrolls
 f - 3 scrolls of identify {@r1}
 g - 3 scrolls of teleportation {@r4}


   Skills:
 + Level 3.9 Fighting
 - Level 2.6 Maces & Flails
 * Level 3.7 Throwing
 - Level 2.6 Dodging


You had 3 spell levels left.
You didn't know any spells.
Your spell library contained the following spells:

 Spells                   Type           Power      Damage    Failure   Level
 Beastly Appendage        Tmut           0%         N/A       38%         1
 Wereblood                Tmut           0%         N/A       52%         2
 Ozocubu's Armour         Ice            0%         N/A       77%         3
 Spider Form              Tmut/Pois      0%         N/A       77%         3
 Tukima's Dance           Hex            0%         N/A       77%         3
 Passage of Golubria      Tloc           0%         N/A       99%         4
 Metabolic Englaciation   Hex/Ice        0%         N/A       100%        5
 Yara's Violent Unravell  Hex/Tmut       0%         3d3       100%        5
 Simulacrum               Ice/Necr       0%         N/A       100%        6


Dungeon Overview and Level Annotations

Branches:
Dungeon (2/15)

Altars:
The Shining One


Innate Abilities, Weirdness & Mutations

You are too large for most types of armour.
You have tough skin. (AC +1)


Message History

You closely miss the adder.
The adder is heavily wounded.
You feel sick. The adder bites you.
You are more poisoned.
The adder poisons you! The adder closely misses you.
You closely miss the adder.
The adder is heavily wounded.
You feel very sick. The adder bites you.
You are more poisoned.
The adder poisons you!
You hit the adder.
The adder is severely wounded.
* * * LOW HITPOINT WARNING * * *
You feel very sick. The adder bites you but does no damage.
The adder bites you.
* * * LOW HITPOINT WARNING * * *
You sock the adder!
You kill the adder!
* * * LOW HITPOINT WARNING * * *
You feel very sick.
You have reached level 4!
You aren't carrying any potions.
There is a lethal amount of poison in your body!
Unknown command.
* * * LOW HITPOINT WARNING * * *
You feel sick.
* * * LOW HITPOINT WARNING * * *
You feel sick.
* * * LOW HITPOINT WARNING * * *
You feel sick.
* * * LOW HITPOINT WARNING * * *
You feel sick.
* * * LOW HITPOINT WARNING * * *
You feel sick.
As you read the scroll labelled ZEVOXK WATEP, it crumbles to dust.
You feel aware of your surroundings.
It was a scroll of magic mapping.
* * * LOW HITPOINT WARNING * * *
You feel sick.
You die...

### *** #.#*****#.# #..,,,,,..#
#.#######.# #.##...<#.#
****##########.##.#..#.#
******,,,#...........#.#..#.#
,,,,,,,,,+...(............#.#####
,,*,,,,,,#....(.@..).............
,,+,,,,,,....?......>............
,,*,,,,,,...<...................[
********,.....##########....###..
**#####* ###### ##. ♣♣ #. .♣♣
♣♣♣♣♣♣ ♣♣♣♣♣♣ #.
..♣♣♣♣♣♣♣....♣♣♣♣♣♣♣....♣♣♣ #.
..........♣♣...♣♣....♣♣♣..♣♣♣♣♣#.


There were no monsters in sight!

Vanquished Creatures
  3 adders (D:2)
  3 dart slugs
  2 ball pythons (D:1)
  2 bats (D:1)
  2 endoplasms (D:2)
  3 giant cockroaches (D:2)
  2 goblins
  3 hobgoblins
  3 jackals (D:1)
  2 quokkas (D:2)
  A frilled lizard (D:2)
  2 kobolds
  A rat (D:2)
29 creatures vanquished.

Notes
Turn   | Place    | Note
-------+----------+-------------------------------------------
     0 | D:1      | freelancePsychic the Ogre Gladiator began the quest for the
                  | Orb.
     0 | D:1      | Reached XP level 1. HP: 22/22 MP: 1/1
   276 | D:1      | Reached XP level 2. HP: 31/31 MP: 2/2
   794 | D:2      | Reached XP level 3. HP: 30/37 MP: 3/3
   813 | D:2      | Found a glowing golden altar of the Shining One.
  1404 | D:2      | Reached XP level 4. HP: 7/48 MP: 4/4
  1408 | D:2      | HP: 2/48 [poisoned by an adder]
  1410 | D:2      | Succumbed to an adder's poison

Illustrated notes

Levels and vault maps discovered:
D:1:      wander_arrival_fairy_ring, layout_rooms,
          dreamdust_ecumenical_altar_grove
D:2:      kb_forest_paths, layout_basic, basic_altar

Skill      XL: |  1  2 |
---------------+-------+-----
Fighting       | 3 |  3.9
Throwing       | 3 |  3.7
Maces & Flails | |  2.6
Dodging        | |  2.6

Action                   |  1- 3 |  4- 6 || total
-------------------------+-------+-------++-------
Melee: Flail             |    91 |       ||    91
       Punch             |     1 |       ||     1
Throw: Stone             |    26 |       ||    26
       Throwing net      |     3 |       ||     3
       Large rock        |     1 |       ||     1
  Use: Scroll            |     1 |     1 ||     2
Armor: Robe              |    25 |       ||    25
Dodge: Dodged            |    60 |       ||    60

Table legend: (Time is in decaauts)
 A = Elapsed time spent in this place.
 B = Non-inter-level travel time spent in this place.
 C = Inter-level travel time spent in this place.
 D = Time resting spent in this place.
 E = Time spent auto-exploring this place.
 F = Levels seen in this place.
 G = Mean time per level.
                   A        B        C        D        E       F      G
               +--------+--------+--------+--------+--------+-----+--------+
         Total |   1433 |   1433 |      0 |    237 |    914 |   2 |  716.5 |
       Dungeon |   1433 |   1433 |      0 |    237 |    914 |   2 |  716.5 |
               +--------+--------+--------+--------+--------+-----+--------+

Top non-repeatable levels by time:
     D:2: 920 daAuts
     D:1: 513 daAuts
